 Dungeon Crawl Stone Soup version 0.31-a0-844-gdc52ec4e09 (webtiles) character file.

Game seed: 16660199755398643087

53 lonewolfV2 the Shield-Bearer (level 4, -1/37 HPs)
             Began as a Formicid Fighter on Sept 28, 2023.
             Killed from afar by Natasha (2 damage)
             ... with a magic dart
             ... on level 2 of the Dungeon.
             The game lasted 00:01:05 (757 turns).

lonewolfV2 the Shield-Bearer (Formicid Fighter)      Turns: 757, Time: 00:01:06

Health: -1/37      AC:  7    Str: 20    XL:     4   Next: 11%
Magic:  4/4        EV:  9    Int:  8    God:
Gold:   61         SH:  5    Dex: 15    Spells: 3/3 levels left

rFire   . . .        a - +1 war axe
rCold   . . .        c - +0 buckler
rNeg    . . .        b - +0 scale mail
rPois   .            (helmet unavailable)
rElec   .            (no cloak)
rCorr   .            (no gloves)
SInv    +            (no boots)
Will    .....        (no amulet) Stlth
                     (no ring)
HPRegen 0.26/turn    (no ring)
MPRegen 0.09/turn

%: no passive effects
@: no status effects
A: permanent stasis, dig shafts and tunnels, antennae 3, four strong arms
a: Dig, Shaft Self


You were on level 2 of the Dungeon.
You visited 1 branch of the dungeon, and saw 2 of its levels.

You collected 61 gold pieces.

Inventory:

Hand Weapons
 a - a +1 war axe (weapon)
Armour
 b - a +0 scale mail (worn)
 c - a +0 buckler (worn)
Jewellery
 k - an amulet of faith
Scrolls
 g - a scroll of immolation
Potions
 d - a potion of might
 f - a potion of mutation
 h - a potion of enlightenment
 i - a potion of brilliance {unknown}
 l - a potion of curing {unknown}


   Skills:
 + Level 3.7 Fighting
 + Level 2.6 Axes
 + Level 3.8 Armour
 + Level 0.2 Dodging
 + Level 4.6 Shields


You had 3 spell levels left.
You didn't know any spells.
Your spell library was empty.

Dungeon Overview and Level Annotations

Branches:
Dungeon (2/15)

Altars:

Annotations:
D:2 Natasha


Innate Abilities, Weirdness & Mutations

You cannot be hasted, slowed, berserked, paralysed or teleported.
You can dig through walls and to a lower floor.
You have a pair of large antennae on your head. (SInv)
Your four strong arms can wield two-handed weapons with a shield.


Message History

The cerulean imp hits you from afar with a +2 spear.
The cerulean imp completely misses you.
You hit the cerulean imp.
The cerulean imp is almost dead.
The cerulean imp disappears in a puff of smoke!
The cerulean imp hits you but does no damage.
You block the cerulean imp's attack.
You closely miss Natasha.
Natasha stares at you and mumbles some strange words.
The magic dart hits you.
The cerulean imp hits you but does no damage.
Natasha claws you.
You slash Natasha!
Natasha is severely wounded.
The cerulean imp hits you but does no damage.
You block Natasha's attack.
You hit Natasha but do no damage.
Natasha is severely wounded.
You block the cerulean imp's attack.
Natasha mumbles some strange words.
Natasha glows brightly for a moment.
Natasha barely misses you.
The cerulean imp hits you from afar with a +2 spear.
You closely miss Natasha.
Natasha is severely wounded.
Natasha claws you.
* * * LOW HITPOINT WARNING * * *
The cerulean imp hits you but does no damage.
Natasha claws you.
* * * LOW HITPOINT WARNING * * *
You hit Natasha.
Natasha is almost dead.
The cerulean imp hits you from afar with a +2 spear.
* * * LOW HITPOINT WARNING * * *
Natasha howls an incantation.
Natasha glows brightly for a moment.
Natasha stares at you and mumbles some strange words.
The magic dart hits you.
You die...
Natasha begins licking her fur clean.

### ### ######.###.#
## #...#.#.#.#. #..
##...#.#.#.#. ....
#..##.###.### .....
####.######### #
......###...........
.!...5h@..#####.....
......##### ....
#...# , ... ### .. #


You could see Natasha and a cerulean imp (summoned).

Vanquished Creatures
  Jessica (D:2)
  A dart slug (D:1)
  2 endoplasms (D:1)
  3 hobgoblins (D:1)
  4 kobolds (D:1)
  3 quokkas (D:1)
  A ball python (D:1)
  3 bats
  4 frilled lizards (D:1)
  4 rats
26 creatures vanquished.

Notes
Turn   | Place    | Note
-------+----------+-------------------------------------------
     0 | D:1      | lonewolfV2 the Formicid Fighter began the quest for the
                  | Orb.
     0 | D:1      | Reached XP level 1. HP: 18/18 MP: 1/1
   119 | D:1      | Reached XP level 2. HP: 23/24 MP: 2/2
   354 | D:1      | Reached XP level 3. HP: 26/29 MP: 3/3
   733 | D:2      | Noticed Jessica
   743 | D:2      | Noticed Natasha
   747 | D:2      | Killed Jessica
   748 | D:2      | Reached XP level 4. HP: 21/37 MP: 4/4
   757 | D:2      | HP: 1/37 [cerulean imp/+2 spear[Natasha] (4)]
   757 | D:2      | Killed from afar by Natasha

Illustrated notes

Levels and vault maps discovered:
D:1:      psy_arrival_spokes, layout_basic, minmay_tall_x
D:2:      layout_rooms, grunt_decor_resistance, uniq_jessica, uniq_natasha

Action                     |  1- 3 |  4- 6 || total
---------------------------+-------+-------++-------
  Melee: War axe           |    62 |     8 ||    70
    Use: Scroll            |     4 |       ||     4
 Armour: Scale mail        |    49 |    17 ||    66
  Dodge: Dodged            |    44 |     3 ||    47
  Block: Buckler           |    19 |     3 ||    22

Table legend: (Time is in decaauts)
 A = Elapsed time spent in this place.
 B = Non-inter-level travel time spent in this place.
 C = Inter-level travel time spent in this place.
 D = Time resting spent in this place.
 E = Time spent auto-exploring this place.
 F = Levels seen in this place.
 G = Mean time per level.
                   A        B        C        D        E       F      G
               +--------+--------+--------+--------+--------+-----+--------+
         Total |    785 |    779 |      6 |      0 |    565 |   2 |  392.5 |
       Dungeon |    785 |    779 |      6 |      0 |    565 |   2 |  392.5 |
               +--------+--------+--------+--------+--------+-----+--------+

Top non-repeatable levels by time:
     D:1: 705 daAuts
     D:2: 79 daAuts
